Map: Golden Wall LE

Players

LiquidClem (Clem) - Winner!

  • Race: Terran Terran
  • League: Master
  • Spawn Location: 7:00

ShoWTimE

  • Race: Protoss Protoss
  • Spawn Location: 5:00

Event: DreamHack SC2 Masters 2020 Summer Europe

VOD

Have the link to the VOD?

Description

Time

  • Played on: July 4, 2020, 12:47 p.m.
  • Length: 22:16

All games in this series

Show
View Real Time Build Order
Export as new Build Order

LiquidClem Terran - Winner!

Build Orders: Reaper Expand 

Get SALT Encoding   

  12  0:00  SCV  
  13  0:13  SCV  
  14  0:17  Supply Depot  
  14  0:25  SCV  
  15  0:39  SCV  
  15  0:41  Barracks  
  16  0:44  Refinery  
  16  0:51  SCV  
  17  1:03  SCV  
  18  1:15  SCV  
  19  1:27  Orbital Command  
  19  1:28  Reaper  
  20  1:45  Command Center  
  20  1:53  Bunker  
  20  1:55  SCV  
  20  2:00  Marine  
  22  2:10  Supply Depot  
  23  2:15  SCV  
  23  2:17  Factory  
  23  2:26  Bunker  
  23  2:31  Marine  
  23  2:32  SCV  
  25  2:38  Refinery  
  25  2:44  SCV  
  26  2:50  Barracks Reactor  
  25  2:56  SCV  
  26  2:59  Orbital Command  
  25  3:05  Starport  
  25  3:06  Hellion  
  25  3:10  SCV  
  28  3:22  SCV  
  28  3:26  SCV  
  30  3:27  Factory Tech Lab  
  30  3:28  Marine x2  
  30  3:34  SCV  
  33  3:38  SCV  
  34  3:43  Barracks x2  
  34  3:46  SCV  
  35  3:50  SCV  
  35  3:52  Marine x2  
  35  3:55  Raven  
  40  3:58  Supply Depot  
  40  4:01  SCV  
  41  4:03  SCV  
  41  4:09  Factory Tech Lab  
  42  4:10  Marine x2  
  42  4:12  Engineering Bay  
  42  4:15  SCV  
  45  4:17  SCV  
  46  4:24  Supply Depot  
  46  4:28  SCV  
  46  4:29  SCV, Marine x2  
  50  4:35  Refinery  
  50  4:38  Terran Infantry Weapons Level 1  
  50  4:39  Marauder  
  50  4:42  Stimpack  
  50  4:44  SCV x2  
  54  4:50  Marauder  
  56  4:55  Combat Shield  
  56  4:56  SCV  
  56  4:57  SCV, Marine  
  56  4:58  Marine  
  60  5:02  Marauder  
  60  5:07  Supply Depot  
  62  5:09  SCV x2  
  62  5:11  Starport Reactor, Factory Reactor  
  64  5:15  Supply Depot  
  64  5:17  Marine  
  64  5:18  Marine  
  66  5:21  Marauder  
  66  5:24  Marauder  
  72  5:28  SCV x2  
  72  5:31  Supply Depot  
  72  5:34  Marine  
  73  5:36  Marine  
  73  5:39  Refinery  
  73  5:41  Supply Depot  
  73  5:42  SCV x2  
  76  5:46  Marauder  
  76  5:48  Medivac  
  80  5:51  Medivac  
  80  5:55  Widow Mine  
  80  5:56  Widow Mine  
  86  6:00  Supply Depot  
  86  6:01  Marine  
  86  6:02  Marine  
  88  6:06  Marauder  
  88  6:10  Marauder  
  92  6:13  SCV x2  
  94  6:23  Command Center  
  94  6:25  Marine x2  
  94  6:28  Supply Depot  
  94  6:32  Medivac  
  98  6:34  Medivac  
  98  6:37  Marauder  
  102  6:40  Marauder  
  102  6:43  Widow Mine  
  102  6:44  Widow Mine  
  102  6:45  Marine  
  102  6:46  Marine  
  100  6:54  SCV x2  
  100  6:59  Concussive Shells, Marauder  
  100  7:02  Barracks  
  100  7:04  Barracks  
  100  7:05  Marine x2  
  104  7:08  Marauder  
  104  7:10  SCV  
  105  7:17  Medivac x2  
  105  7:21  Supply Depot  
  109  7:23  Widow Mine  
  109  7:26  Marine x2  
  109  7:28  Marauder  
  115  7:30  Terran Infantry Armor Level 1  
  115  7:32  SCV x2  
  115  7:36  Orbital Command  
  117  7:42  Marauder  
  117  7:44  SCV x2  
  120  7:47  Marine x2  
  120  7:49  Marauder  
  125  7:54  Barracks Reactor, Supply Depot, Barracks Tech Lab  
  125  7:55  Widow Mine  
  125  7:56  SCV  
  125  7:57  Widow Mine  
  130  7:59  SCV  
  130  8:04  Viking, SCV  
  130  8:05  Supply Depot  
  134  8:07  Medivac  
  134  8:10  Supply Depot  
  136  8:12  Refinery  
  136  8:14  Ghost Academy  
  136  8:17  Marauder x2  
  136  8:19  Marine x2  
  142  8:21  SCV  
  142  8:22  SCV x2  
  145  8:27  Supply Depot  
  145  8:28  Marauder  
  137  8:36  Marine  
  137  8:37  Marine  
  137  8:39  Marauder  
  132  8:42  Widow Mine x2  
  132  8:43  Medivac x2  
  132  8:44  Marine x2  
  132  8:45  SCV, Marauder  
  132  8:46  SCV x2  
  140  8:56  Armory, Marine x2  
  140  8:57  Engineering Bay  
  142  9:04  Command Center  
  142  9:07  Ghost  
  144  9:12  Marine x2  
  144  9:13  Ghost  
  144  9:15  Marine  
  144  9:16  Marine  
  150  9:19  Supply Depot  
  150  9:23  Supply Depot  
  150  9:25  Viking  
  150  9:26  Viking  
  150  9:30  Ghost  
  156  9:36  Supply Depot  
  153  9:38  Ghost  
  153  9:40  Missile Turret  
  153  9:44  Ghost  
  145  9:46  Widow Mine  
  145  9:52  Widow Mine  
  134  9:55  Medivac, Marine x2  
  134  9:56  Medivac  
  140  10:00  Marauder  
  139  10:08  Marauder  
  139  10:13  Marauder  
  140  10:15  Marine x3  
  140  10:20  Ghost  
  145  10:26  Marine  
  145  10:27  Orbital Command  
  142  10:29  Marauder  
  142  10:32  SCV  
  142  10:33  Marine  
  142  10:35  Marauder  
  146  10:36  Widow Mine, Marine  
  146  10:37  Refinery  
  146  10:40  SCV  
  150  10:47  Marine x2  
  154  10:50  Marauder x2  
  154  10:51  Marine  
  154  10:55  Terran Infantry Weapons Level 2  
  157  11:00  SCV x2  
  157  11:01  SCV  
  157  11:03  Marine  
  161  11:05  Marine  
  161  11:08  Marine  
  157  11:11  Marauder  
  157  11:15  Marauder  
  157  11:17  Ghost  
  161  11:20  Widow Mine  
  161  11:21  Marine  
  161  11:23  Marine  
  161  11:26  Marine  
  161  11:29  SCV  
  158  11:33  Marauder  
  160  11:41  Command Center, Marine  
  160  11:44  Supply Depot  
  161  11:48  Terran Infantry Armor Level 2  
  161  11:52  Marine x2  
  163  11:54  Marauder  
  163  12:00  Refinery, Marauder  
  167  12:03  Marine x2  
  167  12:04  Marauder  
  171  12:10  Liberator  
  171  12:12  Terran Ship Weapons Level 1  
  172  12:16  Liberator  
  172  12:17  Marine x2  
  172  12:21  Marauder  
  179  12:23  Marine x2  
  179  12:26  Marauder  
  183  12:32  Widow Mine x2  
  174  12:37  SCV  
  174  12:40  SCV x2  
  173  12:50  SCV  
  154  12:52  Marine x2  
  154  12:53  Medivac  
  154  12:54  Widow Mine  
  154  12:55  SCV  
  154  12:56  SCV  
  148  13:05  Marine  
  143  13:06  Marauder  
  143  13:07  Marauder  
  143  13:09  SCV  
  147  13:14  Ghost  
  149  13:20  Medivac  
  149  13:23  Marine x2  
  149  13:26  Marine x2  
  155  13:33  Ghost  
  157  13:35  SCV x3  
  157  13:40  Planetary Fortress  
  160  13:43  Marine  
  160  13:44  Marauder, Marine  
  160  13:47  SCV x2  
  166  13:49  Marine x2  
  166  13:50  SCV, Marauder  
  171  13:57  Enhanced Shockwaves  
  171  13:59  SCV  
  176  14:03  Viking x2  
  176  14:04  Ghost  
  176  14:07  SCV  
  176  14:08  Marine x2  
  176  14:09  Marine  
  178  14:13  Ghost  
  178  14:15  Ghost  
  181  14:21  SCV  
  181  14:24  SCV  
  183  14:32  Marine  
  183  14:33  Ghost  
  183  14:34  Starport  
  183  14:37  SCV x2  
  184  14:42  Marine x2  
  184  14:43  SCV, Marauder  
  184  14:44  Ghost  
  191  14:52  Viking x2  
  190  15:02  Marauder  
  190  15:04  Marauder  
  194  15:12  Marine  
  194  15:13  Marauder, Marine  
  198  15:19  Marine  
  196  15:22  Marine  
  196  15:23  Marauder  
  196  15:26  Marauder  
  197  15:34  Marine  
  180  15:38  Supply Depot  
  180  15:39  Supply Depot  
  180  15:41  Supply Depot  
  180  15:42  Supply Depot  
  177  15:44  Supply Depot  
  177  15:47  Marine  
  177  15:49  Viking, Marauder  
  172  15:55  Supply Depot  
  172  16:00  Viking x3, Marauder  
  172  16:01  Marauder, Marine x2  
  184  16:05  SCV  
  184  16:08  Marine x2  
  184  16:10  Marauder  
  188  16:14  Terran Infantry Weapons Level 3  
  188  16:16  SCV  
  189  16:19  Marine  
  189  16:20  Marine  
  189  16:22  Marauder, Marine  
  189  16:23  Viking  
  196  16:30  Viking, Supply Depot  
  198  16:37  Marine  
  194  16:42  Marine x2  
  194  16:45  Viking  
  196  16:49  Viking  
  187  16:57  Marine x2  
  167  17:01  Marauder  
  167  17:03  Marine x2  
  167  17:04  Marauder x2  
  171  17:10  Refinery  
  171  17:11  Command Center  
  171  17:16  Refinery  
  171  17:21  Viking  
  171  17:22  Marauder, Marine x2  
  175  17:23  Marine x2  
  175  17:28  Marauder  
  175  17:29  SCV, Marauder  
  183  17:42  SCV  
  183  17:43  Refinery  
  186  17:44  Marauder, Marine x3  
  186  17:49  Marine  
  186  17:50  Marauder x2  
  194  17:52  Medivac  
  195  18:02  Marine x2  
  195  18:05  Marauder  
  192  18:09  Liberator  
  192  18:11  Marauder x2  
  199  18:14  Marine  
  185  18:27  Marauder  
  159  18:33  Marauder, Marine  
  114  18:44  Marine  
  114  18:48  Marine  
  116  19:03  Marine  
  116  19:09  Orbital Command  
  117  19:23  SCV  
  106  19:36  Marine x2  
  102  19:40  Marine  
  103  19:47  Ghost  
  103  19:52  SCV  
  106  19:53  SCV  
  106  19:54  SCV  
  108  20:04  SCV  
  108  20:05  SCV  
  111  20:09  Orbital Command  
  110  20:15  Marauder  
  110  20:16  SCV  
  110  20:19  Ghost  
  114  20:27  Ghost  
  112  20:35  Marine x2  
  112  20:36  Marauder  
  116  20:48  Ghost  
  116  20:53  Marine  
  116  20:54  Marine  
  108  20:59  Marine  
  108  21:01  Marine x2  
  108  21:04  Viking  
  106  21:06  Marine  
  93  21:13  Marine  
  93  21:17  SCV x2, Marauder  
  93  21:18  SCV  
  99  21:19  Marine  
  99  21:20  Refinery, Marauder  
  99  21:21  Marine  
  99  21:25  Marine  
  104  21:29  SCV  
  104  21:32  Marine  
  106  21:36  Refinery  
  106  21:37  SCV, Marine  
  106  21:38  SCV  
  106  21:39  Marine  
  110  21:44  Marauder  
  110  21:46  SCV  
  112  21:50  Marine x2  
  114  21:55  SCV  
  114  21:59  SCV  
Show
View Real Time Build Order
Export as new Build Order

ShoWTimE Protoss 

Build Orders: 1 Gate Expand, Blink Stalkers 

Get SALT Encoding   

  12  0:00  Probe  
  13  0:12  Probe  
  14  0:19  Pylon  
  14  0:24  Probe  
  15  0:33  Probe  
  15  0:38  Gateway  
  15  0:41  Probe  
  16  0:47  Assimilator  
  17  0:51  Probe  
  18  1:03  Probe  
  19  1:15  Probe  
  20  1:25  Cybernetics Core  
  20  1:35  Nexus  
  20  1:37  Probe  
  21  1:44  Pylon  
  21  1:49  Probe  
  21  1:52  Adept  
  21  1:53  Assimilator  
  22  2:01  Probe  
  25  2:08  Warp Gate  
  25  2:14  Probe, Stalker  
  26  2:26  Probe  
  29  2:35  Twilight Council  
  29  2:38  Probe  
  29  2:44  Probe, Blink  
  30  2:46  Stalker  
  30  2:50  Probe  
  34  2:52  Probe  
  35  3:02  Probe  
  36  3:07  Probe  
  36  3:08  Gateway  
  37  3:15  Probe  
  37  3:19  Probe  
  39  3:24  Pylon  
  39  3:27  Probe  
  39  3:31  Probe  
  39  3:32  Robotics Facility  
  41  3:40  Probe  
  42  3:44  Probe  
  43  3:52  Probe  
  44  3:56  Sentry  
  44  3:58  Nexus  
  44  3:59  Probe  
  47  4:04  Probe  
  47  4:05  Pylon  
  47  4:07  Phoenix, Assimilator  
  48  4:13  Probe  
  48  4:15  Stalker  
  51  4:20  Probe  
  51  4:21  Observer  
  53  4:26  Stalker  
  53  4:29  Probe  
  56  4:35  Pylon  
  56  4:37  Probe  
  57  4:38  Stalker  
  57  4:39  Gateway  
  57  4:41  Probe  
  57  4:44  Gateway, Observer  
  61  4:49  Probe  
  61  4:51  Charge  
  62  4:54  Probe  
  63  5:00  Stalker  
  63  5:01  Probe  
  63  5:02  Forge  
  63  5:06  Probe  
  67  5:07  Stalker  
  67  5:09  Protoss Ground Armor Level 1  
  67  5:12  Immortal  
  69  5:16  Probe  
  69  5:17  Probe  
  69  5:18  Probe  
  76  5:36  Gateway  
  76  5:38  Gateway  
  75  5:47  Probe x3, Gateway  
  78  5:50  Pylon  
  78  5:52  Gateway  
  78  5:56  Pylon  
  78  5:58  Sentry x2  
  78  6:02  Immortal  
  83  6:04  Probe x3  
  83  6:11  Zealot x2  
  93  6:17  Pylon  
  93  6:21  Pylon  
  93  6:27  Zealot x2  
  97  6:35  Zealot x2  
  97  6:36  Zealot x2  
  97  6:39  Pylon  
  105  6:41  Zealot  
  106  6:48  Zealot x3  
  105  6:56  Protoss Ground Weapons Level 1  
  105  6:57  Immortal  
  107  7:01  Zealot x5  
  107  7:04  Pylon  
  107  7:07  Pylon  
  117  7:09  Probe  
  117  7:10  Probe x2  
  117  7:12  Assimilator  
  120  7:16  Assimilator  
  120  7:17  Templar Archives  
  120  7:22  Probe x3  
  123  7:29  Zealot x3  
  129  7:35  Zealot x2  
  129  7:36  Pylon  
  133  7:43  Zealot x3  
  139  7:48  Psionic Storm  
  136  7:55  Pylon  
  136  7:57  Probe x3  
  131  8:08  High Templar x3  
  131  8:10  Pylon  
  131  8:11  Photon Cannon  
  137  8:13  Pylon  
  137  8:14  Zealot x3  
  137  8:17  Shield Battery, Observer  
  143  8:20  Zealot  
  143  8:26  Warp Prism  
  145  8:31  Zealot  
  149  8:35  Zealot x2  
  149  8:36  Zealot  
  143  8:44  Zealot x4  
  149  8:54  High Templar  
  149  8:55  Protoss Ground Armor Level 2  
  149  8:58  Pylon  
  149  8:59  Probe x3  
  152  9:05  Zealot  
  152  9:06  Zealot  
  152  9:07  Zealot x3  
  162  9:11  Probe, Pylon  
  162  9:13  Probe  
  163  9:24  High Templar x2  
  165  9:28  Archon  
  165  9:29  Zealot, High Templar x2  
  165  9:30  Zealot x2  
  177  9:32  Pylon  
  177  9:33  Archon  
  171  9:50  Nexus  
  171  9:51  Stalker x4  
  179  9:56  Zealot x2  
  176  10:13  Probe x3  
  170  10:19  Zealot  
  172  10:25  Nexus  
  167  10:32  Pylon  
  167  10:34  Pylon  
  165  10:39  High Templar x5  
  173  10:43  Archon x2  
  173  10:48  Pylon  
  173  10:50  Archon  
  172  11:01  Protoss Ground Weapons Level 2  
  172  11:07  Nexus  
  172  11:10  Pylon  
  168  11:15  Zealot x5  
  168  11:16  Zealot x2  
  174  11:19  Warp Prism  
  174  11:21  Zealot  
  157  11:35  High Templar  
  157  11:36  Zealot x2, High Templar x4  
  171  11:40  Gateway  
  171  11:41  Gateway  
  171  11:42  Nexus  
  171  11:43  Photon Cannon  
  171  11:44  Pylon  
  171  11:46  Immortal, Pylon, Zealot  
  173  11:53  Archon  
  171  12:00  Robotics Bay  
  175  12:02  Zealot x2  
  175  12:05  Robotics Facility  
  175  12:07  Pylon  
  179  12:11  Probe x3  
  182  12:16  Assimilator  
  182  12:19  Zealot x6  
  182  12:28  Zealot  
  178  12:36  Zealot x2  
  180  12:39  Colossus  
  180  12:40  Observer  
  180  12:43  Colossus  
  167  12:58  Extended Thermal Lance  
  155  13:00  Zealot  
  155  13:01  Zealot x6  
  175  13:13  Nexus  
  175  13:31  High Templar x3  
  175  13:33  Warp Prism, Pylon  
  171  13:34  Colossus  
  171  13:35  Pylon  
  171  13:36  Pylon, Archon  
  171  13:44  Protoss Ground Weapons Level 3  
  175  13:48  Zealot x2  
  175  13:52  Stalker  
  181  13:56  High Templar  
  181  13:59  Zealot  
  175  14:25  Zealot x2  
  175  14:26  Zealot x2  
  175  14:31  Disruptor  
  180  14:45  Zealot x4  
  187  14:47  Stalker  
  187  14:51  Disruptor  
  180  14:52  Stalker x2  
  186  15:16  Zealot x7  
  156  15:43  High Templar x4, Nexus, Disruptor  
  156  15:44  Zealot x4  
  156  15:49  Archon  
  164  16:07  Zealot x6  
  164  16:08  Disruptor  
  174  16:12  Assimilator  
  174  16:14  Assimilator  
  174  16:15  Disruptor  
  177  16:27  Zealot x3  
  177  16:45  Archon, Disruptor  
  174  16:49  Archon  
  174  16:50  Zealot x2  
  174  16:51  Zealot x4  
  174  16:53  Protoss Ground Armor Level 3  
  160  17:00  Disruptor  
  142  17:06  Zealot x4  
  150  17:08  Probe  
  150  17:09  Probe  
  150  17:15  Zealot x3  
  158  17:21  Probe  
  159  17:29  Stalker  
  159  17:36  Zealot  
  159  17:37  Zealot  
  169  17:51  Zealot x2, High Templar x2  
  164  18:01  Zealot x4  
  158  18:15  Zealot x2  
  148  18:23  Zealot x3  
  132  18:31  Zealot x3  
  93  18:43  Zealot x3  
  93  18:46  Archon  
  93  18:47  Zealot  
  92  18:54  High Templar x3  
  93  18:57  High Templar  
  93  18:58  Archon  
  93  19:02  Archon  
  94  19:12  High Templar x2  
  98  19:29  Zealot x3  
  86  19:40  Zealot x3  
  90  19:53  High Templar  
  90  19:58  Zealot x2, High Templar  
  98  20:04  Archon, Zealot x2  
  95  20:30  Cybernetics Core  
  91  20:40  Zealot  
  91  20:41  Zealot  
  75  20:59  Zealot x3, Archon  
  75  21:03  Zealot  
  67  21:12  Zealot x2  
  67  21:14  Zealot  
  71  21:19  High Templar x2  
  71  21:23  Archon  
  75  21:26  Stalker  
  75  21:30  Shield Battery  
  77  21:34  Zealot  
  79  21:41  Zealot  
  80  21:52  Stalker x2  
  82  22:04  Zealot x2  
Tags
 
Add a new tag
Caveats
  • Supply blocks, unpowered buildings, or Contaminate may cause inaccurate times.
  • Supply counts are checked every 10 seconds.